 Dungeon Crawl Stone Soup version 0.18.1-2-ga659475 (webtiles) character file.

13341 CcS the Severer (level 11, -11/102 HPs)
             Began as a Minotaur Berserker on May 8, 2016.
             Was a High Priest of Trog.
             Mangled by Snorg (17 damage)
             ... on level 11 of the Dungeon.
             The game lasted 00:09:28 (8503 turns).

CcS the Severer (Minotaur Berserker)                Turns: 8503, Time: 00:09:29

Health: -11/102    AC: 25    Str: 21    XL:     11   Next: 74%
Magic:  0/3        EV:  9    Int:  4    God:    Trog [*****.]
Gold:   566        SH:  0    Dex: 14    Spells: 0 memorised, 10 levels left

rFire  . . .     SeeInvis .     i - +4 broad axe (antimagic)
rCold  . . .     Gourm    .     p - +4 chain mail
rNeg   . . .     Faith    .     (no shield)
rPois  .         Spirit   +     (helmet restricted)
rElec  .         Dismiss  .     F - +2 cloak
rCorr  .         Reflect  .     z - +2 pair of gloves
SustAt .         Harm     .     (no boots)
MR     .....                    D - amulet of guardian spirit {Spirit}
Stlth  ..........               (no ring)
                                A - +3 ring of protection

@: exhausted, not resistant to hostile enchantments, extremely unstealthy
A: retaliatory headbutt, horns 2
a: Berserk, Trog's Hand, Brothers in Arms, Burn Spellbooks, Renounce Religion


You were on level 11 of the Dungeon.
You worshipped Trog.
Trog was extremely pleased with you.
You were not hungry.

You visited 1 branch of the dungeon, and saw 11 of its levels.

You collected 566 gold pieces.

Inventory:

Hand Weapons
 a - a +0 hand axe
 i - a +4 antimagic broad axe (weapon)
   (Trog gifted it to you on level 11 of the Dungeon)
 r - a +0 war axe
   (You found it on level 3 of the Dungeon)
 O - a +1 battleaxe
   (You took it off a wight on level 7 of the Dungeon)
Missiles
 C - a throwing net {=f, !d}
 H - 6 tomahawks of dispersal {=f}
Armour
 b - a +0 animal skin
 p - a +4 chain mail (worn)
   (You found it on level 3 of the Dungeon)
 z - a +2 pair of gloves (worn)
   (You found it on level 10 of the Dungeon)
 F - a +2 cloak (worn)
   (You took it off Crazy Yiuf on level 5 of the Dungeon)
Jewellery
 s - a +4 amulet of reflection
   (You found it on level 3 of the Dungeon)
 u - a -4 ring of intelligence
   (You found it on level 3 of the Dungeon)
 A - a +3 ring of protection (left hand)
   (You found it on level 4 of the Dungeon)
 D - an amulet of guardian spirit (around neck) {Spirit}
   (You found it on level 5 of the Dungeon)
 Y - an uncursed ring of teleportation {+/*tele, !d}
   (You found it on level 10 of the Dungeon)
Wands
 I - a wand of polymorph (20/24)
   (You found it on level 6 of the Dungeon)
 R - a wand of slowing (42/48)
   (You found it on level 8 of the Dungeon)
 T - a wand of random effects (20/48)
   (You found it on level 9 of the Dungeon)
 W - a wand of slowing (28/48)
   (You found it on level 10 of the Dungeon)
Scrolls
 d - 3 scrolls of teleportation
 f - 7 scrolls of remove curse
 g - 2 scrolls of immolation {!r}
 k - a scroll of identify
 o - 4 scrolls of enchant weapon
 M - a scroll of amnesia
 N - a scroll of magic mapping {!r}
Potions
 e - a potion of lignification {!q}
 j - 3 potions of cancellation
 l - 6 potions of curing
 m - 3 potions of ambrosia
 t - 5 potions of brilliance
 v - a potion of beneficial mutation
 x - 2 potions of agility
 J - 2 potions of degeneration {!q}
 K - a potion of haste
 P - 4 potions of flight
 V - a potion of might
Books
 w - a book of Minor Magic
   (You found it on level 7 of the Dungeon)
Comestibles
 c - 6 bread rations {@e1}
 h - 5 meat rations {@e2}
 B - 12 fruits
 U - a slice of pizza


   Skills:
 + Level 11.0 Fighting
 * Level 16.7 Axes
 + Level 10.3 Armour
 - Level 2.1 Dodging


You had 10 spell levels left.
You didn't know any spells.

Dungeon Overview and Level Annotations

Branches:
Dungeon (11/15)            Temple (0/1) D:4            Lair (0/8) D:11
    Orc (0/2) D:10

Altars:
Ashenzari
Dithmenos
Elyvilon
Makhleb
Nemelex Xobeh
Pakellas
Sif Muna
Trog
The Shining One

Shops:
D:5 %

Annotations:
D:11 Harold, Snorg


Innate Abilities, Weirdness & Mutations

You reflexively headbutt those who attack you in melee.
You have a pair of horns on your head.


Message History

You slice the sheep!!
You kill the sheep!
Trog accepts your kill.
You see here a sheep corpse.
You butcher the sheep corpse.
Things that are here:
a chunk of flesh {@w0}; a sheep skeleton Snorg bites you but does no damage.
Snorg claws you but does no damage. Snorg completely misses you.
You see here a crocodile corpse.
You see here a giant club.
Snorg bites you but does no damage. Snorg claws you.
Snorg claws you but does no damage.
Items here: ) ††† a runed broad axe {god gift}; a sheep corpse x2; a crocodile corpse You take 1 damage, and have 83/102 hp.
MP restored: 10
i - a runed broad axe {god gift} Snorg bites you but does no damage.
Snorg claws you but does no damage. Snorg closely misses you.
Harold the Weathered comes into view.
He is wielding a glaive.
Read which item? (? for menu, Esc to quit)
As you read the scroll of teleportation, it crumbles to dust.
You feel strangely unstable.
Harold shouts!
Snorg barely misses you. You furiously retaliate!
You headbutt Snorg. Snorg claws you but does no damage. Snorg misses you.
Snorg bites you but does no damage. Snorg barely misses you.
Snorg claws you but does no damage.
Snorg goes berserk!
Your surroundings suddenly seem different.
Wield which item (- for none, * to show all)? (? for menu, Esc to quit)
You feel magic leave you.
i - a +4 antimagic broad axe (weapon)
You now have 3/3 mp.
Unknown command.
You hear a shout! x2
You start resting.
Snorg is nearby!
Unknown command.
You're too exhausted to go berserk.
Unknown command.
Snorg closely misses you. Snorg claws you but does no damage. Snorg claws you.
Snorg closely misses you. Snorg claws you but does no damage.
Snorg barely misses you. Snorg bites you but does no damage.
Snorg claws you. x2
You take 5 damage, and have 81/102 hp.
You hit Snorg. You headbutt Snorg!
You feel yourself speed up. Snorg closely misses you. You furiously retaliate!
You headbutt Snorg. Snorg claws you! Snorg claws you but does no damage.
You take 6 damage, and have 75/102 hp.
You now have 2/3 mp.
You slash Snorg! Snorg bites you but does no damage.
Snorg completely misses you. Snorg barely misses you.
You slash Snorg! Snorg closely misses you. You furiously retaliate!
You headbutt Snorg! Snorg claws you but does no damage. Snorg claws you!
Snorg bites you but does no damage. Snorg closely misses you.
Snorg claws you but does no damage.
You closely miss Snorg. You headbutt Snorg! Snorg barely misses you.
Snorg claws you but does no damage. Snorg barely misses you.
Harold hits you but does no damage.
Unknown command.
Unknown command.
You take 10 damage, and have 65/102 hp.
You closely miss Snorg. You headbutt Snorg! Snorg bites you.
Snorg closely misses you. x2
You take 1 damage, and have 64/102 hp.
Unknown command.
You slash Snorg! Snorg bites you but does no damage. Snorg claws you!
Snorg claws you but does no damage. Harold hits you but does no damage.
Snorg bites you! Snorg claws you but does no damage. x2
You take 26 damage, and have 38/102 hp.
MASSIVE DAMAGE!!
You now have 1/3 mp.
You barely miss Snorg. Snorg misses you. Snorg claws you but does no damage.
Snorg claws you!
You take 7 damage, and have 31/102 hp.
You slice Snorg!! You headbutt Snorg! Harold hits you but does no damage.
Snorg bites you!!
* * * LOW HITPOINT WARNING * * *
Snorg misses you. Snorg claws you!
* * * LOW HITPOINT WARNING * * *
You take 30 damage, and have 1/102 hp.
MASSIVE DAMAGE!!
You now have 0/3 mp.
Read which item? (? for menu, Esc to quit)
Okay, then.
Drink which item? (? for menu, Esc to quit)
You feel much better. Snorg bites you but does no damage. Snorg claws you!
* * * LOW HITPOINT WARNING * * *
Snorg claws you!
* * * LOW HITPOINT WARNING * * *
Harold hits you but does no damage.
You regained 4 hp, and now have 5/102 hp.
Snorg bites you but does no damage. Snorg claws you but does no damage.
Snorg closely misses you.
Harold casts a spell.
Harold blinks!
Unknown command.
Snorg bites you!
You die...

#...P.........
#..P.$.P......
#####...........# #
.......%........# ..
.......@†.†......
#.###########.)††......
##......# ##†####.###
........##### #T###.##
.......@T...# #.....#
........###§###..##.##
........# #........#.#
.....#### #####...#.#..
#.##. ########........
. . ...........###.. .
..#######..# . ..
..........##
.####....<#


You could see Snorg (berserk).

Vanquished Creatures
  Josephine (D:10)
  Erolcha (D:8)
  Fannar (D:10)
  Pikel (D:7)
  2 hill giants
  The ghost of Wooh the Nimble, a novice KoAs of Nemelex Xobeh (D:6)
  Maurice (D:8)
  2 gargoyles (D:10)
  The ghost of dobroeutro the Cleaver, an amateur MiFi of the Shining One (D:5)
  3 trolls
  4 yaks (D:10)
  A wyvern (D:8)
  6 wraiths (D:10)
  A spriggan (D:7)
  Grum (D:8)
  3 hippogriffs
  A water moccasin (D:8)
  2 ice beasts
  6 sky beasts
  2 orc warriors
  4 phantoms
  A black bear (D:7)
  2 slaves (D:7)
  6 ogres
  2 wolves (D:8)
  6 crocodiles
  2 centaurs
  A big kobold (D:8)
  10 giant frogs
  2 scorpions
  9 wights
  A howler monkey (D:9)
  A giant frog zombie (D:8)
  Crazy Yiuf (D:5)
  An orc priest (D:5)
  3 centaur skeletons
  4 jellies
  8 hounds
  An orc wizard (D:9)
  3 iguanas (D:7)
  A giant frog skeleton (D:8)
  9 worker ants
  8 sheep (D:11)
  A hound zombie (D:7)
  A hound skeleton (D:6)
  A worker ant zombie (D:10)
  11 gnolls
  7 river rats (D:11)
  7 adders
  A shadow imp (D:10)
  An ooze (D:2)
  An adder zombie (D:7)
  4 adder skeletons
  A worm (D:3)
  A dart slug (D:1)
  4 giant geckos
  19 orcs
  10 giant cockroaches
  6 goblins
  10 hobgoblins
  8 jackals
  A quokka (D:5)
  11 bats
  4 giant newts
  11 kobolds
  6 rats
254 creatures vanquished.

Notes
Turn   | Place    | Note
--------------------------------------------------------------
     0 | D:1      | CcS the Minotaur Berserker began the quest for the Orb.
     0 | D:1      | Reached XP level 1. HP: 19/19 MP: 0/0
    74 | D:1      | Reached skill level 4 in Axes
    79 | D:1      | Reached XP level 2. HP: 18/26 MP: 1/1
   237 | D:1      | Reached ** piety under Trog
   328 | D:1      | Reached skill level 5 in Axes
   496 | D:1      | Reached XP level 3. HP: 27/31 MP: 2/2
   895 | D:2      | Reached skill level 6 in Axes
   895 | D:2      | Reached XP level 4. HP: 17/39 MP: 3/3
   897 | D:2      | HP: 10/58 [gnoll/spear (7)]
  1550 | D:2      | Reached *** piety under Trog
  1610 | D:3      | Reached XP level 5. HP: 31/45 MP: 4/4
  1644 | D:3      | Reached skill level 7 in Axes
  1733 | D:3      | Found a faded altar to an unknown god.
  2728 | D:4      | Reached skill level 8 in Axes
  2737 | D:4      | Noticed a phantom
  2769 | D:4      | Killed a phantom
  2769 | D:4      | Reached XP level 6. HP: 20/51 MP: 5/5
  3009 | D:4      | Reached skill level 9 in Axes
  3040 | D:4      | Found a shadowy altar of Dithmenos.
  3147 | D:4      | Reached XP level 7. HP: 41/57 MP: 6/6
  3300 | D:4      | Found a staircase to the Ecumenical Temple.
  3376 | D:5      | Entered Level 5 of the Dungeon
  3376 | D:5      | Noticed dobroeutro's ghost (amateur MiFi)
  3384 | D:5      | Killed dobroeutro's ghost
  3384 | D:5      | Reached skill level 10 in Axes
  3633 | D:5      | Reached skill level 4 in Fighting
  3758 | D:5      | Reached skill level 11 in Axes
  3782 | D:5      | Found Ruemeyf's Food Shop.
  3788 | D:5      | Reached skill level 3 in Armour
  3788 | D:5      | Reached XP level 8. HP: 56/67 MP: 7/7
  3789 | D:5      | Reached **** piety under Trog
  3982 | D:5      | Noticed Crazy Yiuf
  3988 | D:5      | Killed Crazy Yiuf
  3988 | D:5      | Reached skill level 5 in Fighting
  4045 | D:6      | Reached skill level 4 in Armour
  4167 | D:6      | Reached skill level 12 in Axes
  4214 | D:6      | Noticed Wooh's ghost (novice KoAs)
  4228 | D:6      | Reached skill level 5 in Armour
  4272 | D:6      | Killed Wooh's ghost
  4272 | D:6      | Reached skill level 6 in Fighting
  4272 | D:6      | Reached XP level 9. HP: 56/78 MP: 8/8
  4738 | D:7      | Noticed Pikel
  4751 | D:7      | Killed Pikel
  4751 | D:7      | Reached skill level 7 in Fighting
  4751 | D:7      | Reached skill level 13 in Axes
  4751 | D:7      | Reached skill level 6 in Armour
  5037 | D:7      | Reached skill level 7 in Armour
  5094 | D:7      | Reached skill level 8 in Fighting
  5097 | D:7      | Reached XP level 10. HP: 88/88 MP: 9/9
  5276 | D:7      | Reached skill level 14 in Axes
  5359 | D:8      | Noticed Erolcha
  5375 | D:8      | HP: 22/88 [something (18)]
  5378 | D:8      | Killed Erolcha
  5511 | D:8      | Reached skill level 8 in Armour
  5654 | D:8      | Reached ***** piety under Trog
  5670 | D:8      | Reached skill level 9 in Fighting
  5721 | D:8      | Noticed Maurice
  5728 | D:8      | Killed Maurice
  5908 | D:8      | Noticed Grum
  5920 | D:8      | Killed Grum
  6023 | D:8      | Found a deep blue altar of Sif Muna.
  6189 | D:8      | Reached skill level 15 in Axes
  6332 | D:9      | Found an oddly glowing altar of Pakellas.
  6334 | D:9      | Found a bloodstained altar of Trog.
  6334 | D:9      | Found a white marble altar of Elyvilon.
  6334 | D:9      | Found a sparkling altar of Nemelex Xobeh.
  6336 | D:9      | Found a shattered altar of Ashenzari.
  6338 | D:9      | Found a burning altar of Makhleb.
  6788 | D:9      | Found a glowing golden altar of the Shining One.
  7020 | D:10     | Entered Level 10 of the Dungeon
  7050 | D:10     | Noticed a gargoyle
  7054 | D:10     | Killed a gargoyle
  7054 | D:10     | Reached skill level 9 in Armour
  7056 | D:10     | Noticed a gargoyle
  7067 | D:10     | HP: 21/92 [gargoyle/stone arrow (4)]
  7068 | D:10     | Killed a gargoyle
  7068 | D:10     | Reached XP level 11. HP: 23/99 MP: 10/10
  7336 | D:10     | Reached skill level 10 in Fighting
  7513 | D:10     | Noticed a hill giant
  7547 | D:10     | Killed a hill giant
  7810 | D:10     | Noticed Josephine
  7819 | D:10     | Killed Josephine
  7819 | D:10     | Reached skill level 16 in Axes
  8064 | D:10     | Found a staircase to the Orcish Mines.
  8071 | D:10     | Noticed Fannar
  8085 | D:10     | Killed Fannar
  8085 | D:10     | Reached skill level 10 in Armour
  8148 | D:10     | Lost intelligence.
  8442 | D:11     | Noticed a hill giant
  8454 | D:11     | Killed a hill giant
  8455 | D:11     | Received a gift from Trog
  8469 | D:11     | Reached skill level 11 in Fighting
  8474 | D:11     | Found a staircase to the Lair.
  8475 | D:11     | Noticed Snorg
  8483 | D:11     | Noticed Harold
  8499 | D:11     | HP: 15/102 [Snorg (17)]
  8499 | D:11     | HP: 1/102 [Snorg (14)]
  8503 | D:11     | Mangled by Snorg

Skill      XL: |  1  2  3  4  5  6  7  8  9 10 11 |
---------------+----------------------------------+-----
Axes           | 4 5 6 8 9 11 12 13 15 16 | 16.7
Fighting       | 4 6 8 9 11 | 11.0
Armour         | 3 5 7 9 10 | 10.3
Dodging        | |  2.1

Action                   |  1- 3 |  4- 6 |  7- 9 | 10-12 || total
-------------------------+-------+-------+-------+-------++-------
Melee: Hand axe          |    74 |    47 |       |       ||   121
       Headbutt          |    11 |    24 |    38 |    67 ||   140
       War axe           |       |    86 |   241 |     8 ||   335
       Battleaxe         |       |       |       |   275 ||   275
       Broad axe         |       |       |       |     8 ||     8
Invok: Berserk           |     1 |     1 |     8 |    11 ||    21
       Trog's Hand       |       |       |       |     2 ||     2
  Use: Scroll            |       |       |       |    28 ||    28
       Potion            |       |       |       |     1 ||     1
  Eat: Chunk             |       |     9 |    14 |     6 ||    29
       Beef jerky        |       |       |       |     5 ||     5
       Bread ration      |       |       |       |     3 ||     3
Armor: Animal skin       |     8 |     3 |       |       ||    11
       Chain mail        |       |    39 |   149 |   181 ||   369
Dodge: Dodged            |    61 |    78 |    89 |   127 ||   355

Vault maps used:
D:1:      lightli_arrival_chessboard, nrook_mini_vaults
D:2:      forest_paths
D:3:      first_bread, ecumenical_altar_1, roderic_lattice_a
D:4:      minmay_temple_entry_mist, grunt_dithmenos_smoke_and_mirrors
D:5:      serial_shops, shop, uniq_crazy_yiuf_cottage
D:7:      the_bakery, minmay_joined_circles, uniq_pikel
D:8:      lemuel_crystal_altar, uniq_erolcha, uniq_maurice, uniq_grum
D:9:      minitemple, nicolae_tso_swordbearing_angel
D:10:     orc_0_dummy, kennysheep_generic_room_14, uniq_josephine, uniq_fannar
D:11:     minmay_lair_entry_grove, amethyst_killhole, dk_noncrumbling_3,
          uniq_harold, uniq_snorg

Table legend:
 A = Turns spent in this place as a percentage of turns spent in the entire game.
 B = Non-inter-level travel turns spent in this place as a percentage of non-inter-level travel turns spent in the entire game.
 C = Inter-level travel turns spent in this place as a percentage of turns spent in this place.
 D = Turns resting spent in this place as a percentage of non-inter-level travel turns spent in this place.
 E = Turns spent auto-exploring this place as a percentage of non-inter-level travel turns spent in this place.
 F = Non-inter-level travel turns spent in this place divided by the number of levels of this place that you've seen.
                   A       B       C       D       E      F
               +-------+-------+-------+-------+-------+----------------------
         Total | 100.0 | 100.0 |   0.5 |   2.8 |   9.4 | 284.1
       Dungeon | 100.0 | 100.0 |   0.5 |   2.8 |   9.4 | 284.1
               +-------+-------+-------+-------+-------+----------------------

Table legend:
 A = Kills in this place as a percentage of kills in entire the game.
 B = Kills by you in this place as a percentage of kills by you in the entire game.
 C = Kills by friends in this place as a percentage of kills by friends in the entire game.
 D = Other kills in this place as a percentage of other kills in the entire game.
 E = Experience gained in this place as a percentage of experience gained in the entire game.
 F = Experience gained in this place divided by the number of levels of this place that you have seen.
                   A       B       C       D       E      F
               +-------+-------+-------+-------+-------+----------------------
         Total | 100.0 | 100.0 |  -nan |  -nan | 100.0 | 1732.6
       Dungeon | 100.0 | 100.0 |  -nan |  -nan | 100.0 | 1732.6
               +-------+-------+-------+-------+-------+----------------------
